 Dungeon Crawl Stone Soup version 0.29.0-4-gdea44cf6ec (webtiles) character file.

Game seed: 6845348374884045313

8 qw the Firebug (level 2, -1/22 HPs)
             Began as a Ghoul Fire Elementalist on Aug 29, 2022.
             Slain by a jackal (2 damage)
             ... on level 1 of the Dungeon.
             The game lasted 00:00:27 (380 turns).

qw the Firebug (Ghoul Fire Elementalist)             Turns: 380, Time: 00:00:28

Health: -1/22      AC:  2    Str: 11    XL:     2   Next: 8%
Magic:  3/3        EV: 12    Int: 10    God:
Gold:   7          SH:  0    Dex:  9    Spells: 3/4 levels left

rFire   . . .      SeeInvis .     - Unarmed
rCold   + . .      Faith    .   (no shield)
rNeg    + + +      Spirit   .   a - +0 robe
rPois   inf        Reflect  .   (no helmet)
rElec   .          Harm     .   (no cloak)
rCorr   .          Rampage  .   (no gloves)
Will    .....                   (no boots)
Stlth   ++........              (no amulet)
HPRegen 0.00/turn               (no ring)
MPRegen 0.08/turn               (no ring)

@: inhibited regen
A: claws 1, cold resistance 1, negative energy resistance 3, inhibited
regeneration, torment resistance 2, devour on kill
a: no special abilities


You were on level 1 of the Dungeon.
You visited 1 branch of the dungeon, and saw 1 of its levels.

You collected 7 gold pieces.


Innate Abilities, Weirdness & Mutations

You are immune to poison.
You have sharp fingernails.
Your flesh is cold resistant. (rC+)
You are immune to negative energy. (rN+++)
You do not regenerate when monsters are visible.
You are immune to unholy pain and torment.
You thrive by killing the living.


   Skills:
 + Level 0.9 Fighting
 - Level 1.7 Dodging
 - Level 2.1 Stealth
 - Level 1.4 Unarmed Combat
 - Level 1.7 Spellcasting
 - Level 0.7 Conjurations
 - Level 2.4 Fire Magic


You had 3 spell levels left.
You knew the following spells:

 Your Spells              Type           Power      Damage    Failure   Level
a - Foxfire               Conj/Fire      16%        2x1d4     17%         1

Your spell library contained the following spells:

 Spells                   Type           Power      Damage    Failure   Level
 Scorch                   Fire           10%        2d6       19%         2
 Conjure Flame            Conj/Fire      4%         6-21      45%         3
 Inner Flame              Hex/Fire       3%         N/A       52%         3
 Flame Wave               Conj/Fire      4%         2d5       86%         4

Inventory:

Armour
 a - a +0 robe (worn)
Jewellery
 f - a +6 ring of dexterity
Scrolls
 c - a scroll of teleportation {unknown}
 d - a scroll of identify {unknown}
Potions
 b - a potion of magic
 e - a potion of attraction {unknown}
 g - a potion of flight {unknown}

Dungeon Overview and Level Annotations

Branches:
Dungeon (1/15)

Altars:


Message History

The jackal bites you but does no damage.
The jackal misses you. The hobgoblin misses you. The jackal barely misses you.
You barely miss the hobgoblin.
The hobgoblin is moderately wounded.
The jackal bites you. The jackal barely misses you.
The jackal closely misses you. The jackal bites you.
The hobgoblin hits you but does no damage.
The jackal misses you.
You closely miss the hobgoblin.
The hobgoblin is moderately wounded.
The jackal barely misses you. The jackal closely misses you.
The jackal barely misses you. The hobgoblin closely misses you.
You scratch the hobgoblin.
The hobgoblin is heavily wounded.
The jackal closely misses you. x3; The jackal bites you.
The hobgoblin hits you but does no damage.
The jackal misses you.
You scratch the hobgoblin but do no damage.
The hobgoblin is heavily wounded.
The jackal barely misses you. The jackal closely misses you.
The jackal bites you. The hobgoblin hits you. The jackal closely misses you.
You closely miss the hobgoblin.
The hobgoblin is heavily wounded.
The jackal bites you but does no damage.
The jackal bites you. The jackal barely misses you.
The hobgoblin barely misses you.
The jackal bites you but does no damage.
You completely miss the hobgoblin.
The hobgoblin is heavily wounded.
The jackal misses you. The jackal bites you. The jackal barely misses you. x2
The hobgoblin hits you but does no damage.
The jackal barely misses you.
You scratch the hobgoblin but do no damage.
The hobgoblin is heavily wounded.
The jackal barely misses you. x2; The jackal misses you.
The hobgoblin closely misses you.
You closely miss the hobgoblin.
The hobgoblin is heavily wounded.
The jackal bites you.
You die...

##.# ###. #..# ##...
###..# ##.... #....#
##....# #.#..# ##.
...# #.#..# ##...
#h#######.#..#
#.....#hh..........#
......g@h..........#
.######.#######.#..#
#.# #.#..# #.#
#.#..# #.# #.#.)#
#.# #.#..# #
..#######.#..# #.
###..........#
.#.####.#####.#.##


You could see 4 jackals and a hobgoblin.

Vanquished Creatures
  An endoplasm (D:1)
  3 hobgoblins (D:1)
  A quokka (D:1)
  A ball python (D:1)
  A kobold (D:1)
7 creatures vanquished.

Notes
Turn   | Place    | Note
-------+----------+-------------------------------------------
     0 | D:1      | qw the Ghoul Fire Elementalist began the quest for the Orb.
     0 | D:1      | Reached XP level 1. HP: 14/14 MP: 2/2
     0 | D:1      | 0 ||| qw: Version: 0.1-a-90-g952f4b7
     0 | D:1      | 0 ||| qw: Game counter: 3820
     0 | D:1      | 0 ||| qw: Always use a shield: true
     0 | D:1      | 0 ||| qw: God list: Okawaru
     0 | D:1      | 0 ||| qw: Allow faded altars: false
     0 | D:1      | 0 ||| qw: Do Orc after D:15 true
     0 | D:1      | 0 ||| qw: Do second Lair branch before Depths: true
     0 | D:1      | 0 ||| qw: Lair rune preference: random
     0 | D:1      | 0 ||| qw: Plans: Normal
     0 | D:1      | 0 ||| PLANNING D:1-11
   202 | D:1      | Reached skill level 1 in Unarmed Combat
   209 | D:1      | 209 ||| Stepping ~*~*~tactically~*~*~ (stealth).
   211 | D:1      | 211 ||| Stepping ~*~*~tactically~*~*~ (stealth).
   213 | D:1      | 213 ||| Stepping ~*~*~tactically~*~*~ (stealth).
   214 | D:1      | 214 ||| Stepping ~*~*~tactically~*~*~ (stealth).
   216 | D:1      | 216 ||| Stepping ~*~*~tactically~*~*~ (stealth).
   217 | D:1      | 217 ||| Stepping ~*~*~tactically~*~*~ (stealth).
   219 | D:1      | 219 ||| Stepping ~*~*~tactically~*~*~ (stealth).
   220 | D:1      | 220 ||| Stepping ~*~*~tactically~*~*~ (stealth).
   259 | D:1      | Reached XP level 2. HP: 17/22 MP: 3/3
   366 | D:1      | 366 ||| Stepping ~*~*~tactically~*~*~ (outnumbered).
   376 | D:1      | HP: 3/22 [hobgoblin (3)]
   378 | D:1      | HP: 1/22 [jackal (1)]
   380 | D:1      | Slain by a jackal

Levels and vault maps discovered:
D:1:      minmay_arrival_three_doors, layout_basic, serial_shops, shop_statue,
          nrook_mini_backslash, minmay_tetromino_s2

Skill      XL: |  1 |
---------------+----+-----
Unarmed Combat | 1 |  1.4
Fighting       | |  0.9
Dodging        | |  1.7
Stealth        | |  2.1
Spellcasting   | |  1.7
Conjurations   | |  0.7
Fire Magic     | |  2.4

Action                   || total
-------------------------++-------
Melee: Unarmed           ||    50
Armor: Robe              ||    16
Dodge: Dodged            ||    56

Table legend:
 A = Non-vault XP
 B = Vault XP
 C = Vault XP percentage of total XP
 D = Non-vault monster count
 E = Vault monster count
 F = Vault count percentage of total count
                 A         B        C        D         E       F
            +---------+---------+-------+---------+---------+-------
      Total |      12 |       0 |   0.0 |       7 |       0 |   0.0
            +---------+---------+-------+---------+---------+-------
        D:1 |      12 |       0 |   0.0 |       7 |       0 |   0.0
            +---------+---------+-------+---------+---------+-------
